 Dungeon Crawl Stone Soup version 0.17.1-3-g152610e (webtiles) character file.

77 Jerry the Twirler (level 4, -3/33 HPs)
             Began as a Formicid Gladiator on Mar 8, 2016.
             Killed from afar by Sigmund (4 damage)
             ... with a puff of flame
             ... on level 2 of the Dungeon.
             The game lasted 00:08:04 (1998 turns).

Jerry the Twirler (Formicid Gladiator)              Turns: 1998, Time: 00:08:05

Health: -3/33      AC:  3    Str: 19    XL:     4   Next: 58%
Magic:  11/13      EV: 12    Int:  8    God:
Gold:   82         SH:  3    Dex: 12    Spells: 0 memorised, 3 levels left

rFire  . . .     SeeInvis +     a - +0 quarterstaff
rCold  . . .     Clarity  .     b - +0 leather armour
rNeg   + . .     SustAt   .     g - +0 buckler
rPois  .         Gourm    .     (helmet unavailable)
rElec  .         Spirit   .     (no cloak)
rCorr  .         Warding  +     (no gloves)
rMut   .         Stasis   +     (no boots)
MR     .....                    o - amulet of warding
Stlth  +.........               (no ring)
                                n - ring of magical power

@: lethally poisoned (-3 -> -10), not resistant to hostile enchantments, very
unstealthy
A: permanent stasis, dig shafts and tunnels, four strong arms, antennae 3
a: Dig, Shaft Self


You were on level 2 of the Dungeon.
You were hungry.

You visited 1 branch of the dungeon, and saw 2 of its levels.

You collected 82 gold pieces.

Inventory:

Hand Weapons
 a - a +0 quarterstaff (weapon)
Missiles
 c - 3 throwing nets (quivered)
Armour
 b - a +0 leather armour (worn)
 g - a +0 buckler (worn)
Jewellery
 n - a ring of magical power (left hand)
 o - an amulet of warding (around neck)
 q - an uncursed ring of see invisible {unknown}
Scrolls
 h - 2 scrolls of identify {unknown}
 i - 2 scrolls of teleportation {unknown}
 j - 2 scrolls of remove curse {unknown}
 k - 3 scrolls of enchant armour {unknown}
 m - a scroll of magic mapping {unknown}
Potions
 e - 2 potions of agility {unknown}
 l - a potion of might {unknown}
 p - 2 potions of beneficial mutation {unknown}
Comestibles
 d - a bread ration
 f - a meat ration


   Skills:
 - Level 2.1 Fighting
 + Level 3.8 Staves
 - Level 1.5 Throwing
 + Level 2.0 Armour
 + Level 3.2 Dodging
 + Level 1.2 Shields


You had 3 spell levels left.
You didn't know any spells.

Dungeon Overview and Level Annotations

Branches:
Dungeon (2/15)

Altars:

Annotations:
D:2 Sigmund


Innate Abilities, Weirdness & Mutations

You are under a permanent stasis effect.
You can dig through walls and to a lower floor.
Your four strong arms can wield two-handed weapons with a shield.
You have a pair of large antennae on your head (SInv).


Message History

Sigmund is almost dead.
You feel sick.
You hit Sigmund.
Sigmund is almost dead.
You feel sick. Sigmund gestures at you while chanting.
You resist with some effort.
You hit Sigmund but do no damage.
Sigmund is almost dead.
You feel sick.
Sigmund hits you with a scythe of venom!
* * * LOW HITPOINT WARNING * * *
Unknown command.
You barely miss Sigmund.
Sigmund is almost dead.
* * * LOW HITPOINT WARNING * * *
You feel sick. Sigmund casts a spell at you. The puff of flame hits you!
You die...

####### #.....#
#.....# ### #..?..#
##..
#.....###########...
#....).............#
#.....#.............
#..@..##.#########..
#...@.##.# #.....
#.....##<. #.....
#......##.. #.....
######.# #.# ##....
.# .# ##... .. #...
.# .... .....


You could see Sigmund.

Vanquished Creatures
  2 adders (D:2)
  An ooze (D:2)
  A worm (D:1)
  4 giant geckos
  2 bats (D:1)
  3 giant cockroaches (D:1)
  7 goblins
  3 hobgoblins
  6 kobolds
  2 ball pythons (D:1)
  2 giant newts (D:1)
  5 jackals (D:2)
  4 rats
42 creatures vanquished.

Notes
Turn   | Place    | Note
--------------------------------------------------------------
     0 | D:1      | Jerry the Formicid Gladiator began the quest for the Orb.
     0 | D:1      | Reached XP level 1. HP: 16/16 MP: 1/1
   347 | D:1      | Reached XP level 2. HP: 19/22 MP: 2/2
   457 | D:1      | Reached skill level 1 in Armour
   515 | D:1      | Reached XP level 3. HP: 19/27 MP: 3/3
  1558 | D:2      | Reached XP level 4. HP: 33/33 MP: 4/4
  1684 | D:2      | Reached skill level 1 in Shields
  1977 | D:2      | Noticed Sigmund
  1998 | D:2      | HP: 1/33 [poisoned by Sigmund]
  1998 | D:2      | Killed from afar by Sigmund

Action                   |  1- 3 |  4- 6 || total
-------------------------+-------+-------++-------
Melee: Quarterstaff      |   111 |    55 ||   166
  Eat: Chunk             |     2 |     1 ||     3
